 Dungeon Crawl Stone Soup version 0.29.1-14-g9c671dbff4 (webtiles) character file.

Game seed: 1668123266521849580

149 Wobber the Changer (level 5, -2/34 HPs)
             Began as an Octopode Transmuter on Feb 14, 2023.
             Killed by divine providence
             ... invoked by an orc priest
              (14 damage)
             ... on level 4 of the Dungeon.
             The game lasted 00:13:15 (3999 turns).

Wobber the Changer (Octopode Transmuter)            Turns: 3999, Time: 00:13:15

Health: -2/34      AC:  5    Str:  9    XL:     5   Next: 31%
Magic:  7/8        EV: 13    Int: 17    God:
Gold:   317        SH:  0    Dex: 13    Spells: 3/8 levels left

rFire   . . .      SeeInvis .     - Unarmed
rCold   . . .      Faith    .   (no shield)
rNeg    . . .      Spirit   .   (helmet currently unavailable)
rPois   .          Reflect  .   v - amulet of the acrobat
rElec   .          Harm     .   i - +4 ring of protection
rCorr   .          Rampage  .   (no ring)
Will    .....                   (no ring)
Stlth   ++........              (no ring)
HPRegen 0.11/turn               (no ring)
MPRegen 0.11/turn               (no ring)
                                (no ring)
                                (no ring)

@: appendages
A: tentacle spike 3, almost no armour, amphibious, 8 rings, camouflage 1,
gelatinous body 1, (nimble swimmer 1), tentacles
a: End Transformation


You were on level 4 of the Dungeon.
One of your tentacles had grown a beastly spike.
You visited 1 branch of the dungeon, and saw 4 of its levels.

You collected 317 gold pieces.

Inventory:

Hand Weapons
 j - a +0 dagger
 k - a +0 short sword
 u - a +0 sling
 w - the +8 mace of the Supporting Gods {drain, *Rage rElec rF- MP+9}
   (You found it on level 4 of the Dungeon)

   A truly terrible weapon, it drains the life of any living foe it strikes.
   rF:        It makes you vulnerable to fire.
   rElec:     It insulates you from electricity.
   MP:        It affects your magic capacity (+9).
   *Rage:     It berserks you when you make melee attacks (+20% chance).
Missiles
 b - 54 stones
 n - 3 javelins
Jewellery
 i - a +4 ring of protection (left tentacle)
 v - an amulet of the acrobat (around mantle)
Wands
 t - a wand of roots (5)
Scrolls
 c - 6 scrolls of identify {unknown}
 d - a scroll of magic mapping {unknown}
 e - 2 scrolls of poison {unknown}
 f - 2 scrolls of vulnerability {unknown}
 h - a scroll of teleportation {unknown}
 p - a scroll of enchant weapon {unknown}
 s - a scroll of torment {unknown}
Potions
 a - 3 potions of lignification
 g - a potion of berserk rage {unknown}
 l - 3 potions of might {unknown}
 m - a potion of haste {unknown}
 o - 2 potions of flight {unknown}
 q - 3 potions of heal wounds {unknown}
 r - a potion of brilliance {unknown}


   Skills:
 + Level 2.2 Fighting
 - Level 2.4 Dodging
 - Level 0.4 Stealth
 - Level 3.2 Unarmed Combat
 - Level 2.3 Spellcasting
 * Level 3.4 Transmutations
 * Level 2.4 Poison Magic


You had 3 spell levels left.
You knew the following spells:

 Your Spells              Type           Power      Damage    Failure   Level
a - Beastly Appendage     Tmut           26%        N/A       4%          1
b - Spider Form           Tmut/Pois      12%        N/A       17%         3
c - Slow                  Hex            4%         N/A       19%         1

Your spell library contained the following spells:

 Spells                   Type           Power      Damage    Failure   Level
 Wereblood                Tmut           13%        N/A       7%          2
 Confusing Touch          Hex            1%         N/A       50%         3
 Vampiric Draining        Necr           1%         2d6       50%         3
 Ice Form                 Ice/Tmut       7%         N/A       67%         4
 Fireball                 Conj/Fire      0%         3d3       99%         5
 Iskenderun's Battlesphe  Conj           1%         2d6       99%         5
 Conjure Ball Lightning   Conj/Air       0%         3x3d6     100%        6
 Orb of Destruction       Conj           0%         9d5       100%        7


Dungeon Overview and Level Annotations

Branches:
Dungeon (4/15)
 Temple: D:4-7

Altars:
Hepliaklqana

Annotations:
D:3 2 transporters, Wentworth's ghost, amateur VSIE


Innate Abilities, Weirdness & Mutations

One of your tentacles has grown a beastly spike.
You cannot wear most types of armour.
You are amphibious.
You can wear up to eight rings at the same time.
Your skin changes colour to match your surroundings (Stealth+).
Your rubbery body absorbs attacks. (AC +1, EV +1)
((You are camouflaged when in or above water. (Stealth+)))
You have tentacles for arms and can constrict up to eight enemies at once.


Message History

The orc hits you with a +0 flail.
You tentacle-slap the orc but do no damage.
You pierce the orc, but do no damage.
You squeeze the orc.
You kill the orc!
You now have 317 gold pieces (gained 10).
Things that are here:
a +0 flail; a +0 leather armour Magic restored.
Your tentacle spike disappears.
Found a leather armour.
Throw: 55 stones
Press: ? - help, Shift-Dir - straight line, f - orc priest
Aim: an orc priest, wielding a +0 dagger of flaming and wearing a +0 scale mail (wandering, hasn't noticed you, 61% to hit)
You throw a stone. The stone barely misses the orc priest.
The orc priest shouts!
One of your tentacles grows a vicious spike.
You barely miss the orc priest. You grab the orc priest.
You pierce the orc priest, but do no damage.
You constrict the orc priest.
You tentacle-slap the orc priest but do no damage.
The orc priest is lightly wounded.
You constrict the orc priest, but do no damage.
The orc priest invokes the aid of Beogh against you.
Beogh smites you!
You tentacle-slap the orc priest but do no damage.
You pierce the orc priest.
The orc priest is moderately wounded.
You constrict the orc priest.
The orc priest looks encouraged for a moment.
You tentacle-slap the orc priest but do no damage.
The orc priest is heavily wounded.
You constrict the orc priest, but do no damage.
The orc priest calls down the wrath of Beogh upon you.
Pain shoots through your body!
You tentacle-slap the orc priest but do no damage.
The orc priest is heavily wounded.
You constrict the orc priest.
The orc priest mumbles some strange prayers to Beogh against you.
Beogh smites you!
You die...

##+#. .. #........
#....####.. #....##..
..#..... #######..
.'...[########....+...
#....#...........#...
#....#...........#...
#....#...........#...
#....o.....########..
######...@#.....##....##..
#.........#.....##....#...
#.........#..o..##....#...
#.........#.....##....##..
#.........#.....###'####..
#.........#...............
#.........#...............
#.........#.....###'####..
######....#.....##....##..


You could see an orc priest.

Vanquished Creatures
  An iguana (D:4)
  3 gnolls (D:3)
  An adder (D:3)
  A worm (D:2)
  8 orcs
  4 ball pythons
  2 endoplasms (D:1)
  4 giant cockroaches
  2 goblins
  12 hobgoblins
  4 jackals (D:3)
  4 quokkas
  2 bats (D:3)
  10 frilled lizards (D:1)
  6 kobolds
  9 rats
73 creatures vanquished.

Vanquished Creatures (others)
  8 plants (D:1)
8 creatures vanquished.

Grand Total: 81 creatures vanquished

Notes
Turn   | Place    | Note
-------+----------+-------------------------------------------
     0 | D:1      | Wobber the Octopode Transmuter began the quest for the Orb.
     0 | D:1      | Reached XP level 1. HP: 13/13 MP: 3/3
    73 | D:1      | Reached XP level 2. HP: 9/18 MP: 3/5
   713 | D:1      | Reached XP level 3. HP: 22/23 MP: 6/6
  1480 | D:2      | Learned a level 3 spell: Spider Form
  1794 | D:2      | You fall into a shaft and drop 2 floors!
  2088 | D:3      | Reached XP level 4. HP: 24/29 MP: 7/7
  2150 | D:3      | Found a transporter.
  2150 | D:3      | Noticed Wentworth's ghost (amateur VSIE)
  2717 | D:2      | Learned a level 1 spell: Slow
  2727 | D:3      | Reached skill level 1 in Poison Magic
  2907 | D:3      | Found a transporter.
  3021 | D:3      | Found a hazy altar of Hepliaklqana.
  3156 | D:3      | Reached XP level 5. HP: 12/34 MP: 8/8
  3808 | D:4      | Identified the +8 mace of the Supporting Gods {drain, *Rage
                  | rElec rF- MP+9}
  3999 | D:4      | Killed from afar by an orc priest

Illustrated notes

Levels and vault maps discovered:
D:1:      mainiacjoe_arrival_reflecting_pool, layout_basic,
          minmay_strange_pillars, corexii_corridor_pit, minmay_lizard_king
D:2:      layout_basic, minmay_small_reverse_x
D:3:      layout_basic, mainiacjoe_overflow_alcove_4, gammafunk_ghost_arena
D:4:      layout_gridville

Skill      XL: |  1  2  3  4 |
---------------+-------------+-----
Poison Magic   | 2 |  2.4
Fighting       | 2 |  2.2
Transmutations | 3 |  3.4
Dodging        | |  2.4
Stealth        | |  0.4
Unarmed Combat | |  3.2
Spellcasting   | |  2.3

Action                   |  1- 3 |  4- 6 || total
-------------------------+-------+-------++-------
Melee: Unarmed           |    71 |    57 ||   128
       Tentacles         |    21 |    18 ||    39
       Kick              |    22 |    19 ||    41
       Constrict         |    27 |    20 ||    47
       Punch             |     2 |     4 ||     6
       Short sword       |    24 |       ||    24
Throw: Stone             |       |     2 ||     2
 Cast: Beastly Appendage |    22 |    14 ||    36
 Stab: Sleeping          |     5 |     2 ||     7
Armor: Skin              |    11 |    11 ||    22
Dodge: Dodged            |    49 |    23 ||    72
